 Dungeon Crawl Stone Soup version 0.28.0-47-ge53b351184 (webtiles) character file.

Game seed: 1802993832891182569

56 GigaChad the Covered (level 3, -6/33 HPs)
             Began as a Minotaur Fighter on May 9, 2022.
             Was a Plaything of Xom.
             Killed from afar by a white imp (13 damage)
             ... with a puff of frost
             ... summoned by Natasha
             ... on level 3 of the Dungeon.
             The game lasted 00:03:06 (584 turns).

GigaChad the Covered (Minotaur Fighter)              Turns: 584, Time: 00:03:07

Health: -6/33      AC: 11    Str: 20    XL:     3   Next: 71%
Magic:  2/2        EV:  9    Int:  5    God:    Xom [..*...]
Gold:   51         SH:  4    Dex: 11    Spells: 2/2 levels left

rFire   . . .      SeeInvis .   a - +0 long sword
rCold   x . .      Faith    .   c - +0 buckler
rNeg    . . .      Spirit   .   g - +4 scale mail "Qipotam" {Rampage +Inv rC- Regen+}
rPois   .          Reflect  .   (helmet restricted)
rElec   .          Harm     .   (no cloak)
rCorr   .          Rampage  +   (no gloves)
Will    +....                   (no boots)
Stlth   ..........              (no amulet)
HPRegen 0.91/turn               m - ring of willpower
MPRegen 0.08/turn               (no ring)

@: on berserk cooldown, slowed, very slow
A: horns 2, retaliatory headbutt
a: Renounce Religion, Evoke Invisibility


You were on level 3 of the Dungeon.
You worshipped Xom.
You were a toy of Xom.
You visited 1 branch of the dungeon, and saw 3 of its levels.

You collected 51 gold pieces.

Inventory:

Hand Weapons
 a - a +0 long sword (weapon)
Armour
 b - a +0 scale mail
 c - a +0 buckler (worn)
 g - the +4 scale mail "Qipotam" (worn) {Rampage +Inv rC- Regen+}
   (You found it on level 2 of the Dungeon)

   rC:        It makes you vulnerable to cold.
   +Inv:      It lets you turn invisible.
   Regen:     It increases your rate of health regeneration.
   Rampage:   It bestows one free step when moving towards enemies.
 h - a +0 chain mail
Jewellery
 l - an amulet of magic regeneration
 m - a ring of willpower (left hand)
Scrolls
 f - a scroll of teleportation {unknown}
 i - a scroll of vulnerability {unknown}
 k - a scroll of identify {unknown}
Potions
 d - a potion of might
 e - a potion of haste {unknown}
 j - a potion of lignification {unknown}


   Skills:
 + Level 4.1 Fighting
 + Level 3.2 Long Blades
 + Level 4.4 Armour
 + Level 0.6 Dodging
 + Level 4.0 Shields


You had 2 spell levels left.
You didn't know any spells.
Your spell library contained the following spells:

 Spells                   Type           Power      Damage    Failure   Level
 Summon Small Mammal      Summ           0%         N/A       88%         1
 Ensorcelled Hibernation  Hex/Ice        0%         N/A       96%         2
 Passwall                 Tmut/Erth      0%         N/A       96%         2
 Call Canine Familiar     Summ           0%         N/A       99%         3
 Summon Guardian Golem    Hex/Summ       0%         N/A       99%         3
 Swiftness                Air            0%         N/A       99%         3


Dungeon Overview and Level Annotations

Branches:
Dungeon (3/15)

Altars:
Xom

Shops:
D:3 (

Annotations:
D:3 Natasha


Innate Abilities, Weirdness & Mutations

You have a pair of horns on your head.
You reflexively headbutt those who attack you in melee.


Message History

The white imp gestures at you.
The puff of frost hits something!
The rat barely misses you. You furiously retaliate!
You headbutt the rat!
You kill the rat!
You block something's attack. You block the ball python's attack.
The ball python constricts you. The crimson imp closely misses you.
You furiously retaliate!
You headbutt the crimson imp. You block the orc's attack.
The orc wizard barely misses you.
You barely miss the ball python. You headbutt the ball python.
You kill the ball python!
Natasha casts a spell.
You hear some strange, mumbled words.
A puff of flame appears from out of thin air!
The puff of flame hits you but does no damage.
Something hits you but does no damage. The crimson imp closely misses you.
The orc hits you but does no damage. The orc hits you with a +0 club.
Natasha claws you but does no damage. Something hits you but does no damage.
You hear some strange, mumbled words.
A puff of flame appears from out of thin air!
The puff of flame hits you. The orc hits you but does no damage.
The crimson imp hits you but does no damage.
The orc wizard hits you but does no damage.
You block the orc's attack. Natasha claws you.
The orc hits you with a +0 short sword.
* * * LOW HITPOINT WARNING * * *
Something hits you but does no damage.
You barely miss the orc wizard.
The orc wizard is severely wounded.
Something hits you but does no damage. The orc hits you with a +0 dagger.
* * * LOW HITPOINT WARNING * * *
The crimson imp blinks!
The orc wizard hits you but does no damage.
The orc hits you but does no damage. You block something's attack.
The orc hits you but does no damage.
Natasha stares at you and mumbles some strange words.
You resist with almost no effort. The white imp gestures at you.
The puff of frost hits you!
You feel a terrible chill!
You die...
Xom roars with laughter!

#. ... .#
#.#...#.# #
#..#.#..###..
#...∩.......#
##..#.#...#
#..#...#..#
#....r...#
###.#.ooo..#
#....5{@o..#
...###.h§{..######
#............
#5..†...####
...##...5....#
.......<..#...#
.###...#####...#
###.# ....# #.
#..#


You could see an iron imp (summoned), an orc wizard, Natasha, a crimson imp
(summoned), a white imp (summoned), 3 orcs and a quokka.

Vanquished Creatures
  2 adders
  3 worms (D:2)
  4 bats (D:2)
  5 endoplasms
  A giant cockroach (D:2)
  4 goblins
  2 hobgoblins (D:2)
  2 jackals (D:2)
  A quokka (D:2)
  A ball python (D:3)
  A frilled lizard (D:3)
  A kobold (D:1)
  A rat (D:3)
28 creatures vanquished.

Notes
Turn   | Place    | Note
-------+----------+-------------------------------------------
     0 | D:1      | GigaChad the Minotaur Fighter began the quest for the Orb.
     0 | D:1      | Reached XP level 1. HP: 19/19 MP: 0/0
    31 | D:1      | You fall into a shaft and drop 1 floor!
    49 | D:2      | Reached XP level 2. HP: 16/20 MP: 1/1
   162 | D:2      | Identified the +4 scale mail "Qipotam" {Rampage +Inv rC-
                  | Regen+}
   182 | D:2      | Reached XP level 3. HP: 26/31 MP: 2/2
   279 | D:2      | Found a faded altar of an unknown god.
   289 | D:2      | Prayed at the altar of an unknown god.
   289 | D:2      | Became a worshipper of Xom of Chaos
   556 | D:3      | Found Iheosmeg's Weapon Shoppe.
   568 | D:3      | XOM: potion effect (berserk rage)
   569 | D:3      | XOM: noise
   571 | D:3      | XOM: cast spell 'Summon Small Mammal'
   576 | D:3      | Noticed Natasha
   584 | D:3      | Killed from afar by a white imp

Illustrated notes

Levels and vault maps discovered:
D:1:      dpeg_arrival_fog, layout_basic, serial_shops,
          nicolae_shop_temple_entry_statues_fountains, shop, shop,
          nicolae_shop_trees
D:2:      layout_rooms, shapermc_ecumenical_altar_pompeii, minmay_diced_spiral
D:3:      layout_rooms, lemuel_crystal_altar, serial_shops,
          nicolae_shop_advertising_works [nicolae_subvault_shop_adworks],
          uniq_natasha

Skill      XL: |  1  2  3 |
---------------+----------+-----
Armour         | 4 |  4.4
Fighting       | 4 |  4.1
Shields        | 4 |  4.0
Long Blades    | 3 |  3.2
Dodging        | |  0.6

Action                   || total
-------------------------++-------
Melee: Long sword        ||    65
       Headbutt          ||     9
Armor: Scale mail        ||   120
Dodge: Dodged            ||    59
Block: Buckler           ||    18
